 Dungeon Crawl Stone Soup version 0.32-a0-814-g0968bab981 (webtiles) character file.

Game seed: 7324353067217819343

17104 porpoise the Spear-Bearer (level 12, -4/88 (91) HPs)
             Began as a Demonspawn Gladiator on Mar 22, 2024.
             Was an Elder of Yredelemnul.
             Slain by a death yak (13 damage)
             ... on level 2 of the Lair of Beasts.
             The game lasted 00:54:24 (12339 turns).

porpoise the Spear-Bearer (Demonspawn Gladiator)   Turns: 12339, Time: 00:54:25

HP:   -4/88 (91)    AC: 16    Str: 19    XL:     12   Next: 15%
MP:   20/20         EV: 12    Int:  9    God:    Yredelemnul [****..]
Gold: 456           SH:  9    Dex: 15    Spells: 11/11 levels left

rFire   . . .        a - +2 trident (vamp)
rCold   . . .        x - +0 buckler
rNeg    . . .        D - +3 leather armour
rPois   +            (helmet restricted)
rElec   .            m - +2 cloak
rCorr   .            f - +1 pair of gloves
SInv    .            (boots unavailable)
Will    .....        y - amulet of reflection
Stlth   ++           J - +4 ring of protection
HPRegen 0.34/turn    e - ring of poison resistance
MPRegen 0.34/turn

%: reflection
@: wreathed by umbra, lightly drained
A: antennae 2, claws 2, hooves 3, magic regeneration
a: Renounce Religion, Light the Black Torch, Recall Undead Harvest, Hurl
Torchlight, Bind Soul


You were on level 2 of the Lair of Beasts.
You worshipped Yredelemnul.
Yredelemnul was aware of your devotion.
You visited 3 branches of the dungeon, and saw 13 of its levels.
You also visited: Ossuary.

You collected 648 gold pieces.
You spent 192 gold pieces at shops.

Inventory:

Hand Weapons
 a - a +2 vampiric trident (weapon)
 b - a +0 sling
 L - a +1 heavy trident
Missiles
 d - 3 throwing nets
 O - 7 curare-tipped darts
Armour
 f - a +1 pair of gloves (worn)
 m - a +2 cloak (worn)
 x - a +0 buckler (worn)
 D - a +3 leather armour (worn)
Jewellery
 e - a ring of poison resistance (right hand)
 y - an amulet of reflection (around neck)
 J - a +4 ring of protection (left hand)
Wands
 g - a wand of roots (12)
 i - a wand of mindburst (12)
 M - a wand of flame (18)
Scrolls
 c - 4 scrolls of fog
 t - 3 scrolls of teleportation
 A - a scroll of summoning
 G - a scroll of silence
 K - a scroll of vulnerability
 Q - 2 scrolls of identify
 R - a scroll of poison
 S - a scroll of revelation
Potions
 h - 9 potions of curing
 n - 3 potions of resistance
 s - 2 potions of ambrosia
 z - 4 potions of heal wounds
 N - 3 potions of lignification


   Skills:
 * Level 7.4 Fighting
 * Level 12.8 Polearms
 * Level 2.8 Throwing
 - Level 5.0 Armour
 - Level 5.0 Dodging
 - Level 3.0 Shields
 + Level 11.0 Invocations
 - Level 5.0 Evocations


You had 11 spell levels left.
You didn't know any spells.
Your spell library contained the following spells:

 Spells                   Type           Power      Damage    Failure   Level
 Shock                    Conj/Air       0%         1d3       52%         1
 Ensorcelled Hibernation  Hex/Ice        0%         N/A       65%         2
 Dazzling Flash           Conj/Hex       0%         N/A       87%         3
 Fugue of the Fallen      Necr           0%         N/A       87%         3
 Swiftness                Air            0%         N/A       87%         3
 Airstrike                Air            0%         2d(0-16)  99%         4
 Anguish                  Hex/Necr       0%         N/A       99%         4
 Starburst                Conj/Fire      0%         6d3       100%        6
 Maxwell's Capacitive Co  Air            0%         ∞         100%        8


Dungeon Overview and Level Annotations

Branches:
Dungeon (10/15)            Temple (1/1) D:4            Lair (2/5) D:9
    Orc (0/2) D:10        Ossuary (visited)
  Swamp: Lair:2-3    Shoals: Lair:2-3     Snake: Lair:2-3    Spider: Lair:2-3

Altars:
Ashenzari
Cheibriados
Dithmenos
Fedhas
Gozag
Hepliaklqana
Kikubaaqudgha
Makhleb
Nemelex Xobeh
Okawaru
Qazlal
Ru
Sif Muna
Trog
Uskayaw
Vehumet
Wu Jian
Xom
Yredelemnul

Shops:
D:4 [   D:5 ((   D:7 *

Annotations:
D:8 1 runed translucent door, Shen's ghost, novice TrSh


Innate Abilities, Weirdness & Mutations

You have a pair of antennae on your head.
You have very sharp fingernails.
You have hooves in place of feet.
You regenerate magic rapidly.


Message History

The hell rat bites your yak zombie.
You hit the death yak.
The death yak is severely wounded.
The hell rat bites your yak zombie. The death yak gores you!
The death yak gores your yak zombie!
Your yak zombie gores the hell rat.
You puncture the death yak!
You feel better.
You kick the death yak, but do no damage.
The death yak is severely wounded.
The hell rat completely misses your yak zombie.
The death yak gores your yak zombie! The death yak gores your yak zombie.
You hit the death yak but do no damage.
You kick the death yak, but do no damage.
The death yak is severely wounded.
Your yak zombie gores the hell rat!
The hell rat dies!
Their soul becomes fuel for the torch.
You hit the death yak.
You feel better.
You kick the death yak!
The death yak is almost dead.
The death yak gores your yak zombie!
Your yak zombie is destroyed!
You barely miss the death yak. You kick the death yak.
The death yak is almost dead.
Your komodo dragon zombie bites the death yak!!
The death yak gores your komodo dragon zombie!!
The death yak gores you but does no damage.
You puncture the death yak! You kick the death yak.
The death yak is almost dead.
The death yak is no longer covered in acid.
You barely miss the death yak.
You kick the death yak, but do no damage.
The death yak is almost dead.
The death yak gores you. x2; The death yak gores you!!
* * * LOW HITPOINT WARNING * * *
Your komodo dragon zombie bites the death yak.
You hit the death yak.
The death yak is almost dead.
The death yak gores you but does no damage.
The death yak gores you!
You die...
Your body rises from the dead as a mindless zombie.

.... . #..##. .
....#. >. ##⌠.>.,
....##....#, ..
#....S. ##
.⌠.###.YY##.### .
.......Y@#.##.#..
.......#Z........
........Z.......#
.....##........#
...# #.........#
.⌠ ####.#....##
#.......#
##.......#
#.........


You could see 3 death yaks, a water moccasin, a friendly komodo dragon zombie
and a friendly basilisk zombie.

Vanquished Creatures
  Josephine (D:10)
  A two-headed ogre (D:10)
  Pikel (D:7)
  A cane toad (Lair:1)
  A komodo dragon (Lair:2)
  Jeremiah (D:7)
  2 trolls
  5 polar bears
  Grinder (D:4)
  A dream sheep (Lair:2)
  A blink frog (Lair:2)
  4 wraiths (D:10)
  A wyvern (Lair:2)
  4 yaks
  A basilisk (Lair:1)
  A steam dragon (D:8)
  Menkaure (D:6)
  A vampire mosquito (D:10)
  An acid dragon (D:10)
  7 water moccasins
  2 ice beasts (D:6)
  5 black bears (Lair:1)
  Duvessa (D:6)
  2 orc warriors
  2 sky beasts
  An ogre (D:4)
  6 wolves (Lair:2)
  3 lemures (D:6)
  4 centaurs
  A kobold brigand (D:8)
  A phantom (D:2)
  A gnoll sergeant (D:9)
  4 bullfrogs
  2 scorpions
  A burial acolyte (Ossuary)
  5 wights
  Dowan (D:6)
  5 killer bees (D:9)
  4 howler monkeys
  3 bombardier beetles
  A hound (D:6)
  Crazy Yiuf (D:7)
  A gnoll bouda (D:7)
  2 orc priests
  3 iguanas
  5 orc wizards
  2 hell rats (Lair:2)
  Ijyb (D:4)
  A mummy (Ossuary)
  7 gnolls
  9 adders
  A shadow imp (D:7)
  2 ufetubi (D:7)
  2 dart slugs
  2 ribbon worms
  15 orcs
  7 ball pythons
  5 endoplasms
  2 giant cockroaches
  6 gnoll skeletons (Ossuary)
  9 goblins
  17 hobgoblins
  6 quokkas
  8 bats
  6 frilled lizards
  A goblin zombie (D:4)
  4 kobolds
  8 kobold skeletons (Ossuary)
  6 orc skeletons (Ossuary)
  4 rats
  A rat zombie (D:4)
236 creatures vanquished.

Vanquished Creatures (collateral kills)
  Nergalle (Lair:1)
  A cane toad (Lair:2)
  A komodo dragon (Lair:2)
  A kobold demonologist (D:10)
  A rime drake (Lair:1)
  2 polar bears
  A dream sheep (Lair:2)
  2 blink frogs (Lair:2)
  2 wraiths (D:10)
  A wyvern (D:9)
  12 yaks
  2 basilisks (Lair:2)
  A water moccasin (Lair:1)
  An orc warrior (D:8)
  A black bear (Lair:1)
  A centaur (D:6)
  4 wolves (Lair:2)
  A wight (D:9)
  A killer bee (D:9)
  A jelly (D:5)
  An orc priest (D:8)
  An orc wizard (D:10)
  2 hell rats (Lair:2)
  4 gnolls
  4 orcs
  4 goblins (D:9)
54 creatures vanquished.

Vanquished Creatures (others)
  A cane toad zombie (Lair:2)
  A rime drake zombie (Lair:1)
  2 wyvern zombies
  2 water moccasin zombies
  3 yak zombies
  7 wolf zombies (Lair:2)
  A centaur zombie (D:9)
  A black bear zombie (Lair:1)
  A killer bee zombie (D:9)
  A hell rat zombie (Lair:2)
  A howler monkey zombie (D:8)
  2 elf zombies (D:6)
  An adder zombie (D:5)
  4 orc zombies
28 creatures vanquished.

Grand Total: 318 creatures vanquished

Notes
Turn   | Place    | Note
-------+----------+-------------------------------------------
     0 | D:1      | porpoise the Demonspawn Gladiator began the quest for the
                  | Orb.
     0 | D:1      | Reached XP level 1. HP: 16/16 MP: 1/1
   123 | D:1      | Reached skill level 3 in Polearms
   215 | D:1      | Gained mutation: You regenerate magic rapidly. [demonic
                  | ancestry]
   215 | D:1      | Reached XP level 2. HP: 18/22 MP: 2/2
   648 | D:1      | Discovered your monstrous ancestry.
   648 | D:1      | Gained mutation: You have a pair of small antennae on your
                  | head. [demonic ancestry]
   648 | D:1      | Reached XP level 3. HP: 28/28 MP: 3/3
  1713 | D:2      | Noticed a phantom
  1733 | D:2      | Killed a phantom
  1734 | D:2      | Reached skill level 4 in Polearms
  1734 | D:2      | Gained mutation: You have large cloven feet. [demonic
                  | ancestry]
  1734 | D:2      | Reached XP level 4. HP: 29/35 MP: 4/4
  2040 | D:2      | Gained mutation: You have a pair of antennae on your head.
                  | [demonic ancestry]
  2040 | D:2      | Reached XP level 5. HP: 41/41 MP: 5/5
  2421 | D:3      | Found a burning altar of Makhleb.
  2421 | D:3      | Noticed a blizzard demon
  2904 | D:3      | Noticed a smoke demon
  2904 | D:3      | Noticed a ynoxinul
  3098 | D:4      | Noticed Ijyb
  3111 | D:4      | Killed Ijyb
  3112 | D:4      | Reached skill level 5 in Polearms
  3162 | D:4      | Noticed Grinder
  3176 | D:4      | Killed Grinder
  3177 | D:4      | Reached skill level 1 in Shields
  3177 | D:4      | Reached XP level 6. HP: 28/48 MP: 6/6
  3406 | D:4      | Found a staircase to the Ecumenical Temple.
  3413 | Temple   | Entered the Ecumenical Temple
  3591 | Temple   | Became a worshipper of Yredelemnul the Fallen
  3608 | D:4      | Reached skill level 6 in Polearms
  3608 | D:4      | Gained mutation: You have hoof-like feet. [demonic
                  | ancestry]
  3608 | D:4      | Reached XP level 7. HP: 30/55 MP: 7/7
  3667 | D:4      | Found a sand-covered staircase.
  3674 | Ossuary  | Entered an ossuary
  3963 | Ossuary  | Found an ancient bone altar of Kikubaaqudgha.
  4123 | D:4      | Found a hazy altar of Hepliaklqana.
  4225 | D:4      | Found Wipt's Armour Shop.
  4286 | D:4      | Reached skill level 5 in Fighting
  4472 | D:5      | Entered Level 5 of the Dungeon
  4477 | D:5      | Found Maevuisho's Weapon Shoppe.
  4779 | D:5      | Reached skill level 1 in Invocations
  5087 | D:5      | Found Deuxt's Weapon Emporium.
  5139 | D:6      | Noticed Dowan
  5144 | D:6      | Noticed Duvessa
  5147 | D:6      | Killed Dowan
  5169 | D:6      | Killed Duvessa
  5170 | D:6      | Reached skill level 7 in Polearms
  5170 | D:6      | Gained mutation: You have hooves in place of feet. [demonic
                  | ancestry]
  5170 | D:6      | Reached XP level 8. HP: 15/62 MP: 7/9
  5459 | D:6      | Found an iron altar of Okawaru.
  5496 | D:6      | Your ally Duvessa died
  5499 | D:6      | Your ally Dowan died
  5594 | D:6      | Found an ornate altar of the Wu Jian Council.
  5722 | D:6      | Reached skill level 8 in Polearms
  5986 | D:6      | Reached * piety under Yredelemnul
  6229 | D:7      | Noticed Menkaure
  6229 | D:7      | Noticed Pikel
  6229 | D:7      | Noticed Jeremiah
  6632 | D:6      | Killed Menkaure
  6633 | D:6      | Reached XP level 9. HP: 66/69 MP: 12/12
  6693 | D:7      | Killed Jeremiah
  6694 | D:7      | Reached skill level 5 in Invocations
  6724 | D:7      | Killed Pikel
  6725 | D:7      | Reached skill level 9 in Polearms
  6850 | D:7      | Found Levvietroi's Assorted Antiques.
  6867 | D:7      | Bought a gold wand for 96 gold pieces
  6867 | D:7      | Bought a scroll of identify for 48 gold pieces
  6867 | D:7      | Bought a scroll of identify for 48 gold pieces
  7652 | D:7      | Found a runed translucent door.
  7653 | D:7      | Noticed Crazy Yiuf
  7662 | D:7      | Killed Crazy Yiuf
  7921 | D:8      | Found a bloodstained altar of Trog.
  7994 | D:8      | Found a runed translucent door.
  7997 | D:8      | Noticed Shen's ghost (novice TrSh)
  8012 | D:8      | Reached skill level 1 in Armour
  8085 | D:8      | Found an ancient bone altar of Kikubaaqudgha.
  8085 | D:8      | Found a hide-covered altar of Uskayaw.
  8471 | D:9      | Reached skill level 10 in Polearms
  8536 | D:9      | Gained mutation: You have sharp fingernails. [demonic
                  | ancestry]
  8536 | D:9      | Reached XP level 10. HP: 79/79 MP: 15/15
  8600 | D:9      | Found a snail-covered altar of Cheibriados.
  8648 | D:9      | Reached ** piety under Yredelemnul
  9057 | D:9      | Found a staircase to the Lair.
  9499 | D:10     | Entered Level 10 of the Dungeon
  9622 | D:10     | Found a staircase to the Orcish Mines.
  9675 | D:10     | Noticed a two-headed ogre
  9687 | D:10     | Killed a two-headed ogre
  9901 | D:10     | Reached skill level 5 in Dodging
 10030 | D:10     | Reached skill level 1 in Evocations
 10227 | D:10     | Noticed Josephine
 10241 | D:10     | Killed Josephine
 10242 | D:10     | Reached skill level 11 in Polearms
 10242 | D:10     | Reached XP level 11. HP: 64/84 MP: 17/17
 10249 | D:10     | Reached skill level 5 in Armour
 10628 | Lair:1   | Entered Level 1 of the Lair of Beasts
 10868 | Lair:1   | Noticed Nergalle
 10887 | Lair:1   | Killed Nergalle
 11173 | Lair:1   | Reached *** piety under Yredelemnul
 11281 | Lair:1   | Reached skill level 12 in Polearms
 11281 | Lair:1   | Reached skill level 10 in Invocations
 12043 | Lair:1   | Upgraded the game from 0.32-a0-799-g95e1662365 to
                  | 0.32-a0-814-g0968bab981
 12189 | Lair:2   | Reached skill level 5 in Evocations
 12217 | Lair:2   | Gained mutation: You have very sharp fingernails. [demonic
                  | ancestry]
 12217 | Lair:2   | Reached XP level 12. HP: 91/91 MP: 20/20
 12267 | Lair:2   | Reached **** piety under Yredelemnul
 12312 | Lair:2   | Noticed a death yak
 12315 | Lair:2   | Noticed a death yak
 12315 | Lair:2   | Noticed a death yak
 12339 | Lair:2   | Slain by a death yak

Illustrated notes

Levels and vault maps discovered:
D:1:      wander_arrival_chamber, layout_loops_ring, serial_co_window_serial,
          co_window_paths_b, co_window_paths_a, co_window_corner_a,
          co_window_corner_a, co_window_corner_a, co_window_corner_a,
          co_window_corner_a, co_window_corner_cb, co_window_of_opportunity_c,
          co_window_cross_2, co_window_2corner, co_window_of_opportunity_b,
          co_window_of_opportunity_c, glass_columns_a, glass_columns_b,
          glass_columns_b, minmay_misc_feat_rugged
D:2:      layout_basic
D:3:      layout_loops_cross, makhleb_altar_promises_db
D:4:      layout_loops_cross, worldfamousw_hep_ancestral_shrine,
          minmay_temple_entry_waves, serial_shops,
          nicolae_shop_temple_entry_statues_fountains, enter_ossuary_4,
          uniq_grinder, uniq_ijyb
D:5:      layout_basic, serial_shops, shop, shop
D:6:      kennysheep_big_flooded_room, layout_loops_cross,
          kennysheep_okawaru_gauntlet, nzn_wu_jian_contemplation,
          billiards_dpeg, uniq_duvessa
D:7:      layout_loops_cross, serial_shops, nicolae_shop_statue_plus,
          uniq_crazy_yiuf_cottage, uniq_menkaure, uniq_pikel, uniq_jeremiah
D:8:      layout_rooms, trog_three_pillars_becter,
          gammafunk_temple_overflow_statue, ebering_ghost_inner_flame
D:9:      layout_stronghold, slow_altar_2, lair_entry_dummy, enter_bailey_3,
          small_statue_intersection
D:10:     minmay_recursive_quarters, layout_irregular_city, st_stairs_14,
          uniq_josephine
Temple:   minmay_temple_curvy_branch
Lair:1:   beast_lair_carwin_large_3, layout_cave_pods, grunt_megastairs_1,
          uniq_nergalle
Lair:2:   layout_gridlike, nicolae_swamp_entry_splash_gauntlet,
          grunt_megastairs_5

Skill      XL: |  1  2  3  4  5  6  7  8  9 10 11 12 |
---------------+-------------------------------------+-----
Polearms       | 3 4 5 6 7 8 10 11 12 | 12.8
Fighting       | 3 4 5 6 7 |  7.4
Shields        | 1 2 3 |  3.0
Invocations    | 1 4 7 8 10 11 | 11.0
Armour         | 1 4 5 |  5.0
Dodging        | 3 5 |  5.0
Evocations     | 1 5 |  5.0
Throwing       | 2 |  2.8

Action                     |  1- 3 |  4- 6 |  7- 9 | 10-12 || total
---------------------------+-------+-------+-------+-------++-------
  Melee: Trident           |   139 |   131 |   365 |   372 ||  1007
         Kick              |       |    29 |    84 |   126 ||   239
   Fire: Sling             |       |       |    41 |     1 ||    42
  Throw: Javelin           |       |       |     1 |       ||     1
 Invoke: Light the Black T |       |     1 |     6 |     3 ||    10
  Evoke: Wand              |       |       |     4 |     4 ||     8
    Use: Scroll            |     1 |     5 |    16 |     4 ||    26
         Potion            |       |       |     3 |     1 ||     4
   Stab: Sleeping          |     2 |     2 |     1 |     1 ||     6
         Distracted        |       |       |     1 |     5 ||     6
 Armour: Leather armour    |    69 |    12 |   105 |   176 ||   362
         Ring mail         |       |    59 |    43 |       ||   102
  Dodge: Dodged            |    58 |    52 |   122 |   150 ||   382
  Block: Buckler           |       |    17 |   118 |   155 ||   290
         Reflection        |       |       |     5 |     1 ||     6

Table legend: (Time is in decaauts)
 A = Elapsed time spent in this place.
 B = Non-inter-level travel time spent in this place.
 C = Inter-level travel time spent in this place.
 D = Time resting spent in this place.
 E = Time spent auto-exploring this place.
 F = Levels seen in this place.
 G = Mean time per level.
                   A        B        C        D        E       F      G
               +--------+--------+--------+--------+--------+-----+--------+
         Total |  12266 |  11799 |    467 |   2538 |   6497 |  14 |  876.1 |
       Dungeon |  10006 |   9641 |    365 |   1852 |   5845 |  10 | 1000.6 |
        Temple |    187 |    179 |      8 |    163 |      0 |   1 |  187.0 |
          Lair |   1633 |   1540 |     93 |    390 |    638 |   2 |  816.5 |
       Ossuary |    440 |    440 |      0 |    133 |     14 |   1 |  440.0 |
               +--------+--------+--------+--------+--------+-----+--------+

Top non-repeatable levels by time:
     D:6: 1448 daAuts
  Lair:1: 1395 daAuts
     D:9: 1282 daAuts
     D:1: 1175 daAuts
     D:7: 1153 daAuts
     D:2: 1047 daAuts
    D:10: 1025 daAuts
     D:4: 909 daAuts
     D:3: 755 daAuts
     D:5: 665 daAuts
     D:8: 541 daAuts
 Ossuary: 440 daAuts
  Lair:2: 238 daAuts
  Temple: 187 daAuts
